 Dungeon Crawl Stone Soup version 0.30-b1-6-gad0e9d6a2d (webtiles) character file.

Game seed: 9072337256300527057

68796 MacCMillion the Severer (level 15, -5/119 HPs)
             Began as a Formicid Fighter on May 5, 2023.
             Was the Champion of Okawaru.
             Slain by a cyan ugly thing (15 damage)
             ... on level 14 of the Dungeon.
             The game lasted 00:43:03 (21534 turns).

MacCMillion the Severer (Formicid Fighter)         Turns: 21534, Time: 00:43:04

Health: -5/119     AC: 31    Str: 27    XL:     15   Next: 71%
Magic:  22/22      EV: 10    Int:  9    God:    Okawaru [******]
Gold:   2100       SH: 13    Dex: 13    Spells: 14/14 levels left

rFire   . . .        O - +6 broad axe (freeze)
rCold   . . .        Q - +0 kite shield
rNeg    . . .        U - +3 chain mail {Will+}
rPois   .            (helmet unavailable)
rElec   .            s - +0 cloak
rCorr   .            l - +2 pair of gloves of Okawaru's Vengeance {Stlth+}
SInv    +            z - +2 pair of boots {Fly}
Will    ++...        x - amulet of regeneration Stlth
                     M - +4 ring of protection
HPRegen 1.19/turn    H - +4 ring of protection
MPRegen 0.18/turn

%: no passive effects
@: flying
A: permanent stasis, dig shafts and tunnels, antennae 3, four strong arms
a: Dig, Shaft Self, Renounce Religion, Heroism, Finesse, Duel


You were on level 14 of the Dungeon.
You worshipped Okawaru.
Okawaru was exalted by your worship.
You visited 4 branches of the dungeon, and saw 22 of its levels.
You also visited: Ossuary.

You collected 2531 gold pieces.
You spent 431 gold pieces at shops.

Inventory:

Hand Weapons
 j - the +5 war axe of Veaskiec {heavy, Dex+2}
   (Okawaru gifted it to you on level 2 of the Lair of Beasts)

   Dex:       It affects your dexterity (+2).
 O - a +6 broad axe of freezing (weapon)
 Z - a +1 eveningstar of protection
Missiles
 m - 8 atropa-tipped darts
 o - 2 throwing nets
 q - 15 boomerangs (quivered)
 J - 20 poisoned darts
 P - a silver boomerang
 S - 3 boomerangs of dispersal
 W - a curare-tipped dart
Armour
 l - the +2 pair of gloves of Okawaru's Vengeance (worn) {Stlth+}
   (Okawaru gifted it to you on level 1 of the Lair of Beasts)

   Stlth:     It makes you more stealthy.
 s - a +0 cloak (worn)
 z - a +2 pair of boots of flying (worn)
 Q - a +0 kite shield (worn)
 U - a +3 chain mail of willpower (worn)
Jewellery
 b - a ring of ice
 c - an amulet of the acrobat
 h - a ring of flight
 x - an amulet of regeneration (around neck)
 H - a +4 ring of protection (right hand)
 M - a +4 ring of protection (left hand)
Wands
 a - a wand of paralysis (20)
 u - a wand of roots (16)
 w - a wand of polymorph (25)
 L - a wand of acid (6)
Scrolls
 e - a scroll of poison
 f - 3 scrolls of silence
 g - 6 scrolls of fear
 k - 8 scrolls of vulnerability
 v - 3 scrolls of noise
 y - 3 scrolls of magic mapping {unknown}
 A - 2 scrolls of immolation
 B - 2 scrolls of identify
 F - a scroll of amnesia
 I - a scroll of fog {unknown}
 N - 2 scrolls of enchant armour
 V - a scroll of butterflies
Potions
 d - 3 potions of might
 i - 5 potions of curing
 n - 4 potions of resistance
 p - 7 potions of lignification
 r - 2 potions of magic
 t - a potion of experience
 C - 3 potions of brilliance
 D - 2 potions of ambrosia
 E - 2 potions of berserk rage
 G - 4 potions of cancellation
 K - 5 potions of heal wounds
 R - a potion of invisibility
 T - 2 potions of mutation {unknown}
 X - a potion of flight {unknown}
 Y - 2 potions of attraction


   Skills:
 + Level 11.2 Fighting
 - Level 18.0 Axes
 + Level 11.2 Armour
 + Level 3.6 Dodging
 - Level 15.0 Shields
 - Level 10.0 Invocations


You had 14 spell levels left.
You didn't know any spells.
Your spell library contained the following spells:

 Spells                   Type           Power      Damage    Failure   Level
 Freeze                   Ice            0%         1d3       90%         1
 Kiss of Death            Conj/Necr      0%         2d5       90%         1
 Magic Dart               Conj           0%         1d3       90%         1
 Ensorcelled Hibernation  Hex/Ice        0%         N/A       97%         2
 Poisonous Vapours        Pois/Air       0%         N/A       97%         2
 Searing Ray              Conj           0%         2d4       97%         2
 Confusing Touch          Hex            0%         N/A       99%         3
 Frozen Ramparts          Ice            0%         1d1       99%         3
 Hailstorm                Conj/Ice       0%         3d3       99%         3
 Ignite Poison            Fire/Tmut/Pois 0%         N/A       99%         3
 Mephitic Cloud           Conj/Pois/Air  0%         N/A       99%         3
 Portal Projectile        Hex/Tloc       0%         N/A       99%         3
 Spider Form              Tmut/Pois      0%         N/A       99%         3
 Anguish                  Hex/Necr       0%         N/A       100%        4
 Dispel Undead            Necr           0%         3d6       100%        4
 Fulminant Prism          Conj/Hex       0%         3d5       100%        4
 Ice Form                 Ice/Tmut       0%         N/A       100%        4
 Sticky Flame             Conj/Fire      0%         2d3       100%        4
 Arcjolt                  Conj/Air       0%         1d10      100%        5
 Blade Hands              Tmut           0%         N/A       100%        5
 Freezing Cloud           Conj/Ice/Air   0%         6-21      100%        5
 Ignition                 Fire           0%         3d3       100%        8
 Maxwell's Capacitive Co  Air            0%         ∞         100%        8
 Tukima's Dance           Hex            Unusable   N/A       N/A         3
 Vhi's Electric Charge    Tloc/Air       Unusable   N/A       N/A         3
 Summon Ice Beast         Ice/Summ       Unusable   N/A       N/A         4

Dungeon Overview and Level Annotations

Branches:
Dungeon (14/15)            Temple (1/1) D:4            Lair (5/5) D:9
 Shoals (0/4) Lair:2        Snake (0/4) Lair:2        Slime (0/5) Lair:4
    Orc (2/2) D:12            Elf (0/3) Orc:2       Ossuary (visited)
 Vaults: D:13-14

Altars:
Ashenzari
Cheibriados
Dithmenos
Elyvilon
Fedhas
Gozag
Hepliaklqana
Kikubaaqudgha
Makhleb
Nemelex Xobeh
Okawaru
Qazlal
Ru
Sif Muna
Trog
Uskayaw
Vehumet
Wu Jian
Xom
Yredelemnul
Zin
The Shining One
Jiyva

Shops:
D:5 :   D:6 (   D:9 [   D:10 =[:(   D:11 (   Orc:2 [:([

Annotations:
D:5 1 exclusion
D:10 Lodul
D:13 exclusions: human and vault guard
Lair:5 2 transporters, Quickbrownfox's ghost, journeyman DsIE


Innate Abilities, Weirdness & Mutations

You cannot be hasted, slowed, berserked, paralysed or teleported.
You can dig through walls and to a lower floor.
You have a pair of large antennae on your head. (SInv)
Your four strong arms can wield two-handed weapons with a shield.


Message History

You slash the fire dragon! You freeze the fire dragon.
The fire dragon is heavily wounded.
You slash the cyan ugly thing! You freeze the cyan ugly thing.
You hit the cyan ugly thing. You freeze the cyan ugly thing.
The fire dragon bites you but does no damage.
The fire dragon completely misses you. x2
The cyan ugly thing headbutts you but does no damage.
The cyan ugly thing engulfs you but does no damage.
You slash the fire dragon! You freeze the fire dragon.
The fire dragon is severely wounded.
You closely miss the cyan ugly thing. You slice the cyan ugly thing!!
You freeze the cyan ugly thing! You hit the cyan ugly thing.
You freeze the cyan ugly thing. The fire dragon closely misses you.
The fire dragon claws you but does no damage.
You block the fire dragon's attack. The cyan ugly thing headbutts you!
The cyan ugly thing shocks you!
* * * LOW HITPOINT WARNING * * *
You block the cyan ugly thing's attack.
You slash the fire dragon! You freeze the fire dragon.
The fire dragon is almost dead.
You slash the cyan ugly thing! You freeze the cyan ugly thing.
You slice the cyan ugly thing!! You freeze the cyan ugly thing.
You slash the cyan ugly thing! You freeze the cyan ugly thing.
You kill the cyan ugly thing!
Okawaru accepts your kill. The centaur warrior misses you.
The centaur warrior kicks you but does no damage.
Unknown command.
You closely miss the fire dragon.
The fire dragon is almost dead.
You completely miss the centaur warrior.
You barely miss the cyan ugly thing. You closely miss the cyan ugly thing.
The fire dragon breathes flames at you. The blast of flame hits you!
* * * LOW HITPOINT WARNING * * *
The cyan ugly thing basks in the mutagenic energy from its kin and changes!
The cyan ugly thing kicks you!
* * * LOW HITPOINT WARNING * * *
The cyan ugly thing shocks you!
You die...

#..#.. .... ## #..#.###...# .## .
#..#....$..#
..###.#..####..#........
........................
..###.#........#....#...
..###.#..####..uuc......
................@D......
..###.#..####.##.####...
..###.#..####.##.#
...##.#..........#
.........#.##.#..#
...##....#.##.#..##
.#.##....#.........
.#.##.#.#######..####..♣...~~~~~≈
.#................. .......~~~≈≈≈


You could see a fire dragon, 2 ugly things and a centaur warrior.

Vanquished Creatures
  2 orc warlords (Orc:1)
  Josephine (Orc:1)
  An ice dragon (Lair:5)
  3 hydras
  A rakshasa (D:12)
  5 centaur warriors
  Erica (Lair:1)
  4 two-headed ogres
  A boulder beetle (D:11)
  A tengu warrior (D:14)
  4 orc high priests (Orc:2)
  4 skeletal warriors (D:14)
  3 harpies (Lair:2)
  2 lindwurms (Lair:5)
  2 orc knights
  3 orc sorcerers (Orc:2)
  2 manticores
  6 ugly things (D:14)
  A wolf spider (D:12)
  Joseph (Lair:1)
  3 cyclopes
  5 elephants
  5 black mambas
  A gargoyle (D:13)
  6 torpor snails
  An unseen horror (D:11)
  9 cane toads
  A kobold demonologist (D:12)
  12 komodo dragons
  2 efreet
  A yaktaur (D:12)
  5 rime drakes
  2 tengu conjurers (D:13)
  A troll (D:11)
  7 hornets (Lair:5)
  4 tyrant leeches (Lair:5)
  20 blink frogs
  4 slime creatures (D:13)
  A shadow (D:10)
  2 vampires
  6 wyverns
  A water elemental (D:14)
  5 wraiths
  2 vampire mosquitoes (D:13)
  35 yaks
  3 basilisks
  Grum (D:10)
  2 steam dragons
  10 wargs
  2 acid dragons
  3 nagas (Lair:2)
  11 water moccasins
  A black bear (D:6)
  A sky beast (D:7)
  17 ogres
  31 orc warriors
  22 wolves
  8 centaurs
  2 phantoms (D:7)
  2 kobold brigands
  13 bullfrogs
  2 gnoll sergeants
  2 scorpions (D:5)
  3 wights (D:10)
  10 killer bees
  An electric eel (D:14)
  3 howler monkeys
  3 jellies
  22 orc priests
  2 hounds (D:6)
  A sleepcap (D:4)
  4 iguanas
  22 orc wizards
  8 mummies (Ossuary)
  Robin (D:2)
  8 adders
  13 gnolls
  2 white imps
  3 worms
  3 dart slugs
  80 orcs
  4 bats
  6 endoplasms
  4 giant cockroaches
  A gnoll zombie (Ossuary)
  14 goblins
  13 hobgoblins
  15 jackals
  18 kobolds
  5 quokkas
  7 ball pythons
  A frilled lizard (D:1)
  4 hobgoblin zombies (Ossuary)
  A kobold zombie (Ossuary)
  2 orc zombies (Ossuary)
  11 rats
617 creatures vanquished.

Vanquished Creatures (others)
  A vampire (D:12)
  A boggart (D:12)
  17 fungi
  37 plants
56 creatures vanquished.

Grand Total: 673 creatures vanquished

Notes
Turn   | Place    | Note
-------+----------+-------------------------------------------
     0 | D:1      | MacCMillion the Formicid Fighter began the quest for the
                  | Orb.
     0 | D:1      | Reached XP level 1. HP: 18/18 MP: 1/1
    92 | D:1      | Reached XP level 2. HP: 17/24 MP: 2/2
   492 | D:1      | Reached XP level 3. HP: 29/29 MP: 3/3
   635 | D:1      | Reached skill level 3 in Axes
   931 | D:2      | Identified the +0 helmet of the Albatross {Fly rElec}
   931 | D:2      | Noticed Robin
   946 | D:2      | Reached XP level 4. HP: 19/35 MP: 4/4
   948 | D:2      | Killed Robin
   951 | D:2      | Reached skill level 4 in Axes
  1184 | D:2      | You are sucked into a shaft and drop 1 floor!
  1549 | D:2      | Reached XP level 5. HP: 41/41 MP: 5/5
  1729 | D:3      | Found a broken altar of Ashenzari.
  2123 | D:3      | Reached skill level 5 in Axes
  2463 | D:3      | Identified the +1 ring mail of Tahoif {Slay+2}
  2727 | D:4      | Found a sacrificial altar of Ru.
  2747 | D:4      | Found a staircase to the Ecumenical Temple.
  2757 | D:4      | Reached XP level 6. HP: 31/47 MP: 6/6
  2919 | Temple   | Entered the Ecumenical Temple
  2941 | Temple   | Became a worshipper of Warmaster Okawaru
  3001 | D:4      | Found a snail-covered altar of Cheibriados.
  3675 | D:5      | Entered Level 5 of the Dungeon
  3693 | D:5      | Reached skill level 6 in Axes
  3695 | D:5      | Found a shimmering altar of Xom.
  3711 | D:5      | Found Viavur's Book Shoppe.
  3906 | D:5      | Reached skill level 7 in Axes
  3906 | D:5      | Reached XP level 7. HP: 52/52 MP: 7/7
  4007 | D:5      | Reached * piety under Okawaru
  4036 | D:5      | Found a sand-covered staircase.
  4041 | Ossuary  | Entered an ossuary
  4627 | D:5      | Found a hazy altar of Hepliaklqana.
  4812 | D:6      | Found a sparkling altar of Nemelex Xobeh.
  4843 | D:6      | Found a glowing golden altar of the Shining One.
  4935 | D:6      | Reached skill level 8 in Axes
  4935 | D:6      | Reached skill level 1 in Invocations
  4961 | D:6      | Found a radiant altar of Vehumet.
  4965 | D:6      | Found an ancient bone altar of Kikubaaqudgha.
  4966 | D:6      | Found a shimmering blue altar of Sif Muna.
  4975 | D:6      | Reached XP level 8. HP: 56/58 MP: 7/9
  4992 | D:6      | Got Vehumet's Vellum of Fulmination
  5283 | D:6      | Reached ** piety under Okawaru
  5344 | D:6      | Found Denu's Weapon Boutique.
  5353 | D:6      | Bought a +1 broad axe of freezing for 156 gold pieces
  5383 | D:6      | Reached skill level 9 in Axes
  5710 | D:7      | Found a stormy altar of Qazlal.
  5746 | D:7      | Found a shadowy altar of Dithmenos.
  5784 | D:7      | Reached skill level 10 in Axes
  5787 | D:7      | Reached XP level 9. HP: 59/64 MP: 11/11
  5969 | D:7      | Reached *** piety under Okawaru
  6386 | D:8      | Noticed a two-headed ogre
  6472 | D:8      | Killed a two-headed ogre
  6473 | D:8      | Reached skill level 5 in Fighting
  6473 | D:8      | Reached skill level 5 in Armour
  6473 | D:8      | Reached skill level 5 in Invocations
  6510 | D:8      | Reached **** piety under Okawaru
  6513 | D:8      | Reached XP level 10. HP: 51/74 MP: 14/14
  6588 | D:8      | Reached skill level 11 in Axes
  7117 | D:9      | Found a white marble altar of Elyvilon.
  7117 | D:9      | Found a burning altar of Makhleb.
  7344 | D:9      | Found a bloodstained altar of Trog.
  7362 | D:9      | Found a staircase to the Lair.
  7619 | D:9      | Found Jeagufa's Armour Shoppe.
  7706 | D:10     | Entered Level 10 of the Dungeon
  7706 | D:10     | Found Nodenwac's Antique Weapon Emporium.
  7754 | D:10     | Noticed Grum
  7838 | D:10     | Reached skill level 12 in Axes
  7845 | D:9      | Reached ***** piety under Okawaru
  7865 | D:10     | Killed Grum
  7870 | D:10     | Reached XP level 11. HP: 32/84 MP: 15/15
  8260 | D:10     | Found Soerhy's Book Emporium.
  8416 | D:10     | Noticed Lodul
  8595 | D:10     | Found Imoaleop's Armour Shoppe.
  8819 | D:6      | Bought a +1 eveningstar of protection for 275 gold pieces
  8943 | Lair:1   | Entered Level 1 of the Lair of Beasts
  9071 | Lair:1   | Reached skill level 13 in Axes
  9111 | Lair:1   | Identified the +2 pair of gloves of Okawaru's Vengeance
                  | {Stlth+} (Okawaru gifted it to you on level 1 of the Lair
                  | of Beasts)
  9111 | Lair:1   | Received a gift from Okawaru
  9431 | Lair:1   | Reached XP level 12. HP: 90/95 MP: 16/16
  9564 | Lair:1   | Noticed Erica
  9596 | Lair:1   | Killed Erica
  9597 | Lair:1   | Reached skill level 14 in Axes
 10315 | Lair:1   | Noticed Joseph
 10327 | Lair:1   | Killed Joseph
 10730 | Lair:2   | Reached skill level 10 in Armour
 10791 | Lair:2   | Reached ****** piety under Okawaru
 10792 | Lair:2   | Reached skill level 10 in Fighting
 10872 | Lair:2   | Found a staircase to the Shoals.
 10878 | Lair:2   | Noticed a six-headed hydra
 10890 | Lair:2   | Reached skill level 15 in Axes
 10895 | Lair:2   | Identified the +5 war axe of Veaskiec {heavy, Dex+2}
                  | (Okawaru gifted it to you on level 2 of the Lair of Beasts)
 10895 | Lair:2   | Received a gift from Okawaru
 10896 | Lair:2   | Reached skill level 5 in Shields
 10910 | Lair:2   | Killed a six-headed hydra
 11373 | Lair:2   | Reached XP level 13. HP: 83/103 MP: 17/17
 11433 | Lair:2   | Found a staircase to the Snake Pit.
 11902 | Lair:3   | Reached skill level 16 in Axes
 11998 | Lair:3   | You are sucked into a shaft and drop 1 floor!
 12917 | Lair:4   | Identified the +0 leather armour of Watchfulness {rF+ Int+4
                  | Stlth-}
 13180 | Lair:4   | Found a viscous altar of Jiyva.
 13180 | Lair:4   | Found a staircase to the Slime Pits.
 13691 | Lair:5   | Entered Level 5 of the Lair of Beasts
 13730 | Lair:4   | Received a gift from Okawaru
 13836 | Lair:5   | Reached skill level 10 in Shields
 13926 | Lair:5   | Noticed Quickbrownfox's ghost (journeyman DsIE)
 13951 | Lair:5   | Found a transporter.
 14356 | Lair:5   | Found a transporter.
 14536 | Lair:5   | Received a gift from Okawaru
 14620 | Lair:5   | Reached XP level 14. HP: 110/110 MP: 20/20
 14721 | Lair:5   | Found a runed translucent door.
 15905 | D:10     | Found Tasenan's Jewellery Emporium.
 16281 | D:11     | Found Qauts's Antique Weapon Boutique.
 16344 | D:11     | Identified the +9 dagger of Embarrassment {freeze, rN+
                  | Int-2 Stlth+}
 16477 | D:11     | Reached skill level 17 in Axes
 17129 | D:12     | Identified the +1 chain mail of Evolution {Will+} (Okawaru
                  | gifted it to you on level 12 of the Dungeon)
 17129 | D:12     | Received a gift from Okawaru
 17178 | D:12     | Reached skill level 10 in Invocations
 17463 | D:12     | Identified the +5 leather armour "Muwattyr" {rF+ Str+2
                  | Dex+3}
 17506 | D:12     | Found a staircase to the Orcish Mines.
 17711 | Orc:1    | Entered Level 1 of the Orcish Mines
 17729 | Orc:1    | Noticed Josephine
 17736 | Orc:1    | Killed Josephine
 17787 | Orc:1    | Noticed an orc warlord
 17802 | Orc:1    | Killed an orc warlord
 18069 | Orc:2    | Entered Level 2 of the Orcish Mines
 18080 | Orc:2    | Found a staircase to the Elven Halls.
 18162 | Orc:2    | Reached XP level 15. HP: 94/115 MP: 19/22
 18263 | Orc:2    | Found Vaaneir's Book Emporium.
 18525 | Orc:1    | You are sucked into a shaft and drop 1 floor!
 18848 | Orc:2    | Found Etwa's Antique Armour Shoppe.
 18856 | Orc:2    | Identified the quicksilver dragon scales "Piboppaf" {+Blink
                  | Fly Will+ MP-9 Dex-5} (Okawaru gifted it to you on level 2
                  | of the Orcish Mines)
 18856 | Orc:2    | Received a gift from Okawaru
 18857 | Orc:2    | Reached skill level 18 in Axes
 18969 | Orc:2    | Noticed an orc warlord
 19054 | Orc:1    | Reached skill level 15 in Shields
 19101 | Orc:1    | Killed an orc warlord
 19164 | Orc:2    | Found Xaido's Antique Weapon Boutique.
 19166 | Orc:2    | Found Qiry's Antique Armour Shop.
 19687 | D:13     | Reached skill level 1 in Dodging
 21534 | D:14     | Slain by a cyan ugly thing

Illustrated notes

Levels and vault maps discovered:
D:1:      dpeg_arrival_rooms_b, layout_loops_ring, chequers_serial_rivers_room_b
D:2:      layout_basic, st_stairs_14, minmay_octomino_e4, uniq_robin
D:3:      layout_loops_ring, cheibrodos_ashenzari_chains
D:4:      layout_loops_ring, nicolae_ru_path_of_blood,
          mainiacjoe_overflow_alcove_2, temple_statues, minmay_liquid_box
D:5:      layout_basic, xom_teletrap_fun, lemuel_tele_altar, enter_ossuary_5,
          serial_shops, shop
D:6:      layout_gridville, grunt_temple_overflow_magic_moments,
          grunt_temple_overflow_open, serial_shops, shop_fountains
D:7:      layout_rooms, grunt_dithmenos_shadows, mainiacjoe_overflow_chevrons,
          grunt_decor_resistance, grunt_ministairs_15
D:8:      layout_loops_cross
D:9:      layout_loops_ring, mainiacjoe_overflow_cross_hatched,
          gammafunk_temple_overflow_wave, lair_entry_dummy, serial_shops,
          nicolae_shop_waterfront
D:10:     layout_loops_cross, serial_shops, shop, shop, shop, shop, hex_large,
          uniq_lodul, uniq_grum
D:11:     layout_basic, serial_shops, shop, lightli_fourway_metalbox
D:12:     minmay_curly_fans, layout_cave_pools, orc_0_dummy
D:13:     layout_stronghold, grunt_vaults_entry_fortified
D:14:     layout_basic, serial_park_fountain
Temple:   hellmonk_temple_two_chambers
Lair:1:   layout_hall_layers, chequers_serial_rivers_room_a, grunt_megastairs_1,
          uniq_joseph, uniq_erica
Lair:2:   layout_chaotic_city, nicolae_shoals_entry_roost,
          minmay_snake_entry_guardpost_small
Lair:3:   layout_long_grid, cheibrodos_lair_caveside_slide, minivault_19,
          grunt_megastairs_4, infiniplex_staircase_pool
Lair:4:   layout_layer_cave, dpeg_slime_entry_corner, grunt_megastairs_3
Lair:5:   wormcave, layout_regular_city, gammafunk_ghost_hive,
          chequers_serial_rivers_small_3
Orc:1:    layout_diamond_mine, portal_ice_cave_entry_pillars_1, mines5_lemuel,
          uniq_josephine
Orc:2:    grunt_orc_community_town_hall, layout_diamond_mine,
          grunt_orc_community_big_house_1, grunt_orc_community_big_house_1,
          grunt_orc_community_house_1, grunt_orc_community_house_1,
          grunt_orc_community_house_3, grunt_orc_community_house_3

Skill      XL: |  1  2  3  4  5  6  7  8  9 10 11 12 13 14 15 |
---------------+----------------------------------------------+-----
Axes           | 3 4 5 7 8 10 12 13 15 16 17 18 | 18.0
Invocations    | 2 3 5 6 8 10 | 10.0
Armour         | 5 7 9 10 11 | 11.2
Fighting       | 5 7 9 10 11 | 11.2
Shields        | 6 10 13 15 | 15.0
Dodging        | 3 |  3.6

Action                     |  1- 3 |  4- 6 |  7- 9 | 10-12 | 13-15 || total
---------------------------+-------+-------+-------+-------+-------++-------
  Melee: War axe           |   106 |   190 |   113 |    12 |   627 ||  1048
         Broad axe         |       |       |    89 |   515 |   108 ||   712
         Eveningstar       |       |       |       |     8 |    10 ||    18
  Throw: Dart              |       |       |     4 |       |       ||     4
         Boomerang         |       |       |       |     5 |       ||     5
 Invoke: Finesse           |       |       |       |     2 |     5 ||     7
  Evoke: Wand              |       |       |     2 |       |     2 ||     4
    Use: Scroll            |       |       |    12 |     2 |    15 ||    29
         Potion            |       |       |     1 |     1 |     1 ||     3
 Armour: Scale mail        |    64 |    54 |       |       |       ||   118
         Chain mail        |       |    12 |       |       |   334 ||   346
         Plate armour      |       |    24 |   155 |   404 |   121 ||   704
  Dodge: Dodged            |    46 |    86 |    52 |   154 |   233 ||   571
  Block: Buckler           |    29 |    47 |    48 |   110 |    82 ||   316
         Kite shield       |       |       |       |       |   327 ||   327
